 Dungeon Crawl Stone Soup version 0.30-a0-304-gdc4b735fe1 (webtiles) character file.

Game seed: 16925001878333588517

9 MrRokkomies the Twirler (level 2, -2/25 HPs)
             Began as an Armataur Gladiator on Oct 20, 2022.
             Slain by a jackal (3 damage)
             ... on level 1 of the Dungeon.
             The game lasted 00:00:48 (64 turns).

MrRokkomies the Twirler (Armataur Gladiator)          Turns: 64, Time: 00:00:49

Health: -2/25      AC:  9    Str: 19    XL:     2   Next: 3%
Magic:  2/2        EV:  3    Int:  8    God:
Gold:   10         SH:  0    Dex: 11    Spells: 1/1 levels left

rFire   . . .      SeeInvis .    a - +0 quarterstaff
rCold   . . .      Faith    .    (shield currently unavailable)
rNeg    . . .      Spirit   .    f - +0 plate armour
rPois   .          Reflect  .    c - +0 helmet
rElec   .          Harm     .    (no cloak)
rCorr   .          Roll     +    (no gloves)
Will    .....                    (no barding)
Stlth   ..........               (no amulet)
HPRegen 0.24/turn                (no ring)
MPRegen 0.08/turn                (no ring)

@: no status effects
A: large, rugged brown scales 3, deformed body, armoured tail, roll, long
tongue, awkward tongue
a: no special abilities


You were on level 1 of the Dungeon.
You visited 1 branch of the dungeon, and saw 1 of its levels.

You collected 10 gold pieces.

Inventory:

Hand Weapons
 a - a +0 quarterstaff (weapon)
Missiles
 d - 3 throwing nets (quivered)
 e - a javelin
Armour
 b - a +0 leather armour
 c - a +0 helmet (worn)
 f - a +0 plate armour (worn)
Scrolls
 g - a scroll of amnesia {unknown}


   Skills:
 * Level 2.1 Fighting
 * Level 2.9 Staves
 - Level 1.7 Throwing
 + Level 0.6 Armour
 - Level 2.1 Dodging


You had one spell level left.
You didn't know any spells.
Your spell library was empty.

Dungeon Overview and Level Annotations

Branches:
Dungeon (1/15)

Altars:


Innate Abilities, Weirdness & Mutations

You are completely covered in rugged brown scales. (AC +3, +7% HP)
Armour fits poorly on your strangely shaped body.
You have a long armoured tail.
You roll when moving toward enemies. (Rampage)
Your long tongue fully drains potion bottles. (2x potion effects)
Your tongue gives you trouble enunciating. (1.5x scroll delay)


Message History

The jackal barely misses you. The kobold hits you but does no damage.
The hobgoblin hits you but does no damage.
You hit the kobold.
You kill the kobold!
The jackal bites you but does no damage. x2
The hobgoblin hits you but does no damage.
The jackal bites you but does no damage.
The jackal bites you but does no damage. x2
You closely miss the jackal.
Your tail-slap misses the jackal.
The jackal bites you.
The jackal bites you but does no damage. x2
You barely miss the jackal. The jackal bites you.
* * * LOW HITPOINT WARNING * * *
The jackal barely misses you.
The jackal bites you but does no damage.
You closely miss the jackal. The jackal completely misses you.
The jackal barely misses you.
The jackal bites you but does no damage.
You sock the jackal!
You kill the jackal!
The jackal bites you but does no damage. x2
You aren't carrying any potions.
You sock the endoplasm!
You kill the endoplasm!
The jackal bites you but does no damage.
The kobold hits you but does no damage.
The jackal bites you but does no damage.
The hobgoblin hits you.
* * * LOW HITPOINT WARNING * * *
You have reached level 2!
You hit the hobgoblin.
The hobgoblin is moderately wounded.
The jackal bites you but does no damage.
The kobold hits you but does no damage. The hobgoblin hits you.
* * * LOW HITPOINT WARNING * * *
You hit the hobgoblin.
You kill the hobgoblin!
The jackal bites you but does no damage.
The kobold hits you but does no damage. The jackal bites you.
You die...

.. #.........# #.#
###.#.#.### ..
#.....# #.
###.###.#
#.####...# ###
#..#...###
...####...########
........†.#.......
.......#@#.)......
.......#Kh........
.......#..........
.......##.........
....... ..........
###...............
..####..........
####.......
#...###


You could see a jackal and a kobold.

Vanquished Creatures
  4 bats (D:1)
  An endoplasm (D:1)
  A hobgoblin (D:1)
  2 jackals (D:1)
  A kobold (D:1)
9 creatures vanquished.

Notes
Turn   | Place    | Note
-------+----------+-------------------------------------------
     0 | D:1      | MrRokkomies the Armataur Gladiator began the quest for the
                  | Orb.
     0 | D:1      | Reached XP level 1. HP: 18/18 MP: 1/1
    63 | D:1      | Reached XP level 2. HP: 3/25 MP: 2/2
    63 | D:1      | HP: 1/25 [hobgoblin (2)]
    64 | D:1      | Slain by a jackal

Illustrated notes

Levels and vault maps discovered:
D:1:      roderic_chinese_lattice_arrival, layout_rooms, minivault_27

Skill      XL: |  1 |
---------------+----+-----
Fighting       | 2 |  2.1
Staves         | |  2.9
Throwing       | |  1.7
Armour         | |  0.6
Dodging        | |  2.1

Action                   || total
-------------------------++-------
Melee: Quarterstaff      ||    23
Armor: Plate armour      ||    50
Dodge: Dodged            ||     9

Table legend: (Time is in decaauts)
 A = Elapsed time spent in this place.
 B = Non-inter-level travel time spent in this place.
 C = Inter-level travel time spent in this place.
 D = Time resting spent in this place.
 E = Time spent auto-exploring this place.
 F = Levels seen in this place.
 G = Mean time per level.
                   A        B        C        D        E       F      G
               +--------+--------+--------+--------+--------+-----+--------+
         Total |     67 |     67 |      0 |      0 |     18 |   1 |   67.0 |
       Dungeon |     67 |     67 |      0 |      0 |     18 |   1 |   67.0 |
               +--------+--------+--------+--------+--------+-----+--------+

Top non-repeatable levels by time:
     D:1: 67 daAuts
